[ PARTIDA AOE2 · #505827873 ]
UnrankedPersas vs Japanese
Equipo del jugador · DERR
Equipo rival · VICT
[ ANÁLISIS DE REPETICIÓN · EXTRAÍDO DE LA PARTIDA GRABADA ]
Feudal
26:49
Castillos
—
Imperial
—
| APM promedio | 21.6 |
| APM pico | 45 |
| eAPM promedio | 9.4 |
| Aldeanos / militares | 34 / 5 |
Foco
⚔️ 17.3% · 🌾 82.7%
Archer ×5
Feudal
25:32
Castillos
—
Imperial
—
| APM promedio | 40.6 |
| APM pico | 84 |
| eAPM promedio | 14.0 |
| Aldeanos / militares | 53 / 25 |
Foco
⚔️ 24.7% · 🌾 75.3%
Militia ×25
Mapa de la partida
Recursos iniciales + cada clic de construcción. Líneas = muros · curvas = relieve. ◆ oro · ⬟ piedra · ● bayas · ✦ reliquia · ◌ hueco del cierre
Tu base· Abierta — flanco sin cerrar
Base de Fred· Abierta — flanco sin cerrar
Terreno inicial suavizado · ◌ = hueco del cierre detectado · pasá el cursor para detalles
Inputs por minuto
— willem.goossenss - - Fred
Build order — willem.goossenss
74 acciones detectadas en el replay
| 0:05 | Construir | House |
| 0:05 | Encolar | Villager (Male) |
| 0:05 | Encolar | Villager (Male) |
| 0:06 | Encolar | Villager (Male) |
| 0:06 | Encolar | Villager (Male) |
| 0:06 | Encolar | Villager (Male) |
| 1:32 | Encolar | Villager (Male) |
| 1:54 | Construir | House |
| 2:09 | Construir | Lumber Camp |
| 2:12 | Encolar | Villager (Male) |
| 2:33 | Encolar | Villager (Male) |
| 3:00 | Encolar | Villager (Male) |
| 3:00 | Encolar | Villager (Male) |
| 3:29 | Construir | Mill |
| 3:57 | Encolar | Villager (Male) |
| 4:34 | Investigar | Loom |
| 6:20 | Construir | Town Center |
| 6:45 | Construir | Palisade Wall |
| 6:50 | Construir | Palisade Wall |
| 6:51 | Construir | Palisade Wall |
| 6:55 | Construir | Palisade Wall |
| 7:00 | Construir | Palisade Wall |
| 7:02 | Construir | Palisade Wall |
| 7:12 | Construir | Palisade Gate |
| 7:25 | Encolar | Villager (Male) |
| 7:25 | Encolar | Villager (Male) |
| 7:33 | Construir | House |
| 7:55 | Construir | House |
| 9:07 | Encolar | Villager (Male) |
| 11:03 | Encolar | Villager (Male) |
| 11:03 | Encolar | Villager (Male) |
| 11:35 | Encolar | Villager (Male) |
| 13:49 | Construir | Town Center |
| 14:05 | Construir | Palisade Wall |
| 15:14 | Encolar | Villager (Male) |
| 15:14 | Encolar | Villager (Male) |
| 17:15 | Encolar | Villager (Male) |
| 17:15 | Encolar | Villager (Male) |
| 18:17 | Encolar | Villager (Male) |
| 18:41 | Encolar | Villager (Male) |
| 19:30 | Encolar | Villager (Male) |
| 19:31 | Encolar | Villager (Male) |
| 20:26 | Construir | Mill |
| 20:45 | Encolar | Villager (Male) |
| 21:29 | Encolar | Villager (Male) |
| 21:29 | Encolar | Villager (Male) |
| 21:50 | Construir | House |
| 21:57 | Encolar | Villager (Male) |
| 21:58 | Encolar | Villager (Male) |
| 22:20 | Construir | Lumber Camp |
| 22:26 | Encolar | Villager (Male) |
| 22:34 | Construir | Palisade Wall |
| 22:41 | Construir | Barracks |
| 22:50 | Encolar | Villager (Male) |
| 23:33 | Construir | House |
| 23:52 | Construir | House |
| 24:45 | Investigar | Feudal Age |
| 24:45 | Investigar | Feudal Age |
| 26:22 | Construir | Mining Camp |
| 26:49 | Edad | Edad Feudal |
| 26:50 | Construir | Archery Range |
| 26:56 | Construir | Archery Range |
| 26:57 | Encolar | Villager (Male) |
| 26:57 | Encolar | Villager (Male) |
| 27:02 | Investigar | Double-Bit Axe |
| 27:20 | Encolar | Archer |
| 27:29 | Construir | Market |
| 27:46 | Encolar | Archer |
| 28:03 | Construir | House |
| 28:03 | Construir | House |
| 28:28 | Encolar | Archer |
| 28:38 | Encolar | Archer |
| 28:38 | Encolar | Archer |
| 28:46 | Construir | House |
Build order — Fred
137 acciones detectadas en el replay
| 0:03 | Encolar | Villager (Male) |
| 0:03 | Encolar | Villager (Male) |
| 0:05 | Construir | House |
| 0:06 | Construir | House |
| 0:22 | Encolar | Villager (Male) |
| 0:22 | Encolar | Villager (Male) |
| 0:22 | Encolar | Villager (Male) |
| 1:26 | Encolar | Villager (Male) |
| 2:08 | Encolar | Villager (Male) |
| 2:17 | Encolar | Villager (Male) |
| 2:21 | Construir | Lumber Camp |
| 2:34 | Encolar | Villager (Male) |
| 2:34 | Encolar | Villager (Male) |
| 2:44 | Construir | House |
| 3:20 | Encolar | Villager (Male) |
| 3:20 | Encolar | Villager (Male) |
| 3:49 | Encolar | Villager (Male) |
| 4:31 | Construir | Mill |
| 4:32 | Encolar | Villager (Male) |
| 4:42 | Encolar | Villager (Male) |
| 5:34 | Encolar | Villager (Male) |
| 5:34 | Encolar | Villager (Male) |
| 6:17 | Encolar | Villager (Male) |
| 6:17 | Encolar | Villager (Male) |
| 6:46 | Encolar | Villager (Male) |
| 6:46 | Encolar | Villager (Male) |
| 6:46 | Encolar | Villager (Male) |
| 6:47 | Encolar | Villager (Male) |
| 7:18 | Investigar | Loom |
| 7:44 | Construir | Lumber Camp |
| 7:56 | Construir | Barracks |
| 8:01 | Encolar | Villager (Male) |
| 8:01 | Encolar | Villager (Male) |
| 8:07 | Construir | House |
| 8:08 | Construir | House |
| 8:12 | Construir | House |
| 9:13 | Construir | Mining Camp |
| 9:23 | Construir | Farm |
| 9:28 | Construir | Farm |
| 9:29 | Construir | Farm |
| 9:43 | Encolar | Villager (Male) |
| 9:52 | Encolar | Militia |
| 9:52 | Encolar | Militia |
| 9:55 | Construir | House |
| 10:07 | Construir | Farm |
| 10:22 | Encolar | Militia |
| 11:02 | Construir | Town Center |
| 11:08 | Encolar | Militia |
| 12:17 | Encolar | Villager (Male) |
| 12:17 | Encolar | Villager (Male) |
| 12:17 | Encolar | Villager (Male) |
| 12:40 | Encolar | Militia |
| 12:49 | Construir | House |
| 12:52 | Construir | House |
| 12:58 | Construir | House |
| 13:02 | Construir | House |
| 13:12 | Construir | House |
| 13:17 | Encolar | Villager (Male) |
| 13:18 | Encolar | Villager (Male) |
| 13:27 | Construir | House |
| 13:45 | Construir | Palisade Wall |
| 14:52 | Encolar | Villager (Male) |
| 14:52 | Encolar | Villager (Male) |
| 15:23 | Encolar | Villager (Male) |
| 15:59 | Construir | Farm |
| 16:08 | Encolar | Militia |
| 16:37 | Encolar | Villager (Male) |
| 17:10 | Encolar | Villager (Male) |
| 17:10 | Encolar | Villager (Male) |
| 17:24 | Construir | Farm |
| 17:29 | Construir | Farm |
| 17:30 | Construir | Farm |
| 17:36 | Encolar | Villager (Male) |
| 17:53 | Encolar | Militia |
| 18:01 | Construir | Farm |
| 18:50 | Construir | Town Center |
| 19:10 | Encolar | Militia |
| 19:35 | Encolar | Militia |
| 20:52 | Encolar | Villager (Male) |
| 20:52 | Encolar | Villager (Male) |
| 20:52 | Encolar | Villager (Male) |
| 20:56 | Construir | Farm |
| 20:57 | Construir | Farm |
| 20:58 | Construir | Farm |
| 20:59 | Construir | Farm |
| 21:01 | Construir | Farm |
| 21:28 | Construir | Farm |
| 21:30 | Construir | Farm |
| 21:45 | Encolar | Militia |
| 21:46 | Encolar | Militia |
| 21:58 | Construir | Farm |
| 21:59 | Encolar | Villager (Male) |
| 22:04 | Construir | Farm |
| 22:06 | Construir | Farm |
| 22:09 | Construir | Farm |
| 22:12 | Encolar | Villager (Male) |
| 22:12 | Encolar | Villager (Male) |
| 22:31 | Construir | Farm |
| 22:33 | Construir | Farm |
| 22:47 | Construir | Farm |
| 22:48 | Construir | Farm |
| 23:05 | Encolar | Villager (Male) |
| 23:09 | Investigar | Feudal Age |
| 23:21 | Encolar | Militia |
| 23:22 | Encolar | Militia |
| 23:32 | Construir | Barracks |
| 23:39 | Construir | Farm |
| 23:41 | Construir | Farm |
| 23:55 | Construir | Farm |
| 23:59 | Construir | Farm |
| 24:01 | Encolar | Villager (Male) |
| 24:02 | Encolar | Villager (Male) |
| 24:06 | Encolar | Militia |
| 24:07 | Encolar | Militia |
| 24:27 | Encolar | Militia |
| 24:32 | Encolar | Militia |
| 24:33 | Encolar | Militia |
| 24:33 | Encolar | Militia |
| 24:33 | Encolar | Militia |
| 24:44 | Encolar | Villager (Male) |
| 25:10 | Encolar | Militia |
| 25:10 | Encolar | Militia |
| 25:32 | Edad | Edad Feudal |
| 25:36 | Investigar | Arson |
| 25:40 | Investigar | Man-at-Arms (upgrade) |
| 25:42 | Encolar | Militia |
| 26:51 | Construir | Farm |
| 26:52 | Construir | Farm |
| 26:54 | Construir | Farm |
| 26:57 | Encolar | Militia |
| 26:57 | Encolar | Militia |
| 27:15 | Construir | Farm |
| 27:49 | Encolar | Villager (Male) |
| 27:49 | Encolar | Villager (Male) |
| 28:48 | Encolar | Villager (Male) |
| 28:48 | Encolar | Villager (Male) |
| 29:54 | Encolar | Villager (Male) |
Cronología de la partida
| 6:45 | willem.goossenss · wall_segment Palisade Wall x1 |
| 6:50 | willem.goossenss · wall_segment Palisade Wall x1 |
| 6:51 | willem.goossenss · wall_segment Palisade Wall x1 |
| 6:55 | willem.goossenss · wall_segment Palisade Wall x1 |
| 7:00 | willem.goossenss · wall_segment Palisade Wall x1 |
| 7:02 | willem.goossenss · wall_segment Palisade Wall x1 |
| 7:56 | Fred · first_building Barracks |
| 13:45 | Fred · wall_segment Palisade Wall x1 |
| 14:05 | willem.goossenss · wall_segment Palisade Wall x1 |
| 22:34 | willem.goossenss · wall_segment Palisade Wall x1 |
| 22:41 | willem.goossenss · first_building Barracks |
| 25:32 | Fred · age_up feudal |
| 26:49 | willem.goossenss · age_up feudal |
| 26:50 | willem.goossenss · first_building Archery Range |
| 28:37 | willem.goossenss · first_market_sell 100 wood |
| 29:57 | willem.goossenss · resign |
[ ANÁLISIS IA · 1 CRÉDITO ]
¿Qué pasó realmente en esta partida?
Wolo.gg analiza cada decisión: build order, eco, micro, errores típicos por bracket. Análisis personalizado por WhatsApp o Discord en 30 segundos.
Guía civ
Persas
Perfil
willem.goossenss